 Dungeon Crawl Stone Soup version 0.32-a0-928-g1cae6b7ea0 (webtiles) character file.

Game seed: 6060207100279108420

10682 ezpacito the Chopper (level 11, -9/84 HPs)
             Began as a Coglin Chaos Knight on Apr 13, 2024.
             Was a Plaything of Xom.
             Mangled by a red ugly thing (10 damage)
             ... on level 10 of the Dungeon.
             The game lasted 00:13:39 (9805 turns).

ezpacito the Chopper (Coglin Chaos Knight)          Turns: 9805, Time: 00:13:39

Health: -9/84      AC: 14    Str: 20      XL:     11   Next: 65%
Magic:  13/16      EV: 13    Int:  9 (12) God:    Xom [.*....]
Gold:   431        SH:  0    Dex: 14 (17) Spells: 4/17 levels left

rFire   . . .        a - +0 hand axe (chaos) {Suphaphon}
rCold   . . .        p - +7 scimitar of Objectivity {venom, ^Contam rN+++ Str-3 Stlth+}
rNeg    + + +        I - +0 acid dragon scales
rPois   .            (helmet restricted)
rElec   .            (no cloak)
rCorr   +            b - +2 pair of gloves
SInv    .            (no boots)
Will    +....        (amulet unavailable)
Stlth   +++++        (ring unavailable)
HPRegen 0.34/turn    (ring unavailable)
MPRegen 0.15/turn    (no gizmo)

%: no passive effects
@: lethally poisoned (-9 -> -14), slowed, very slow
A: off-hand wielding, slow wielding, warmup strikes, no jewellery, fangs 1,
horns 1, iridescent scales 2, thin skeletal structure 1, camouflage 1, agile 1,
clever 1, deterioration 1, strong-willed 1, sense surroundings 1, strong 2, wild
magic 2, evolution 1, MP-powered wands
a: Invent Gizmo, Renounce Religion


You were on level 10 of the Dungeon.
You worshipped Xom.
You were a plaything of Xom.
You visited 2 branches of the dungeon, and saw 11 of its levels.

You collected 1655 gold pieces.
You spent 1224 gold pieces at shops.

Inventory:

Hand Weapons
 a - a +0 hand axe of chaos (weapon) {Suphaphon}
 c - a +1 sling of flaming
 p - the +7 scimitar of Objectivity (offhand) {venom, ^Contam rN+++ Str-3 Stlth+}
   (You found it on level 8 of the Dungeon)

   Str-3:     It affects your strength (-3).
   rN+++:     It renders you almost immune to negative energy.
   ^Contam:   It causes magical contamination when unequipped.
   Stlth+:    It makes you more stealthy.
 E - a +0 trident
 H - a +1 heavy war axe
Missiles
 k - 13 boomerangs (quivered)
 z - 19 poisoned darts
Armour
 b - a +2 pair of gloves (worn)
 I - +0 acid dragon scales (worn)
Magical Staves
 e - a staff of conjuration
Talismans
 A - a blade talisman
Wands
 y - a wand of flame (83)
Scrolls
 d - a scroll of noise
 f - 2 scrolls of immolation
 i - a scroll of identify
 l - a scroll of enchant weapon
 m - 2 scrolls of vulnerability
 t - 9 scrolls of teleportation
 u - 2 scrolls of poison
 w - 2 scrolls of torment
 D - 2 scrolls of revelation
 J - 2 scrolls of amnesia
Potions
 h - a potion of haste
 o - a potion of brilliance
 s - 2 potions of attraction
 v - a potion of enlightenment
 F - 3 potions of cancellation


   Skills:
 * Level 7.0 Fighting
 * Level 7.0(8.1) Axes
 * Level 5.5(6.9) Polearms
 + Level 3.2 Throwing
 * Level 6.0 Armour
 * Level 5.7 Dodging
 + Level 3.7 Stealth
 + Level 3.1 Unarmed Combat
 + Level 3.5 Spellcasting
 + Level 4.0 Summonings
 + Level 3.4 Necromancy
 + Level 1.6 Ice Magic
 + Level 2.2 Alchemy
 + Level 5.2 Evocations
 + Level 1.2 Shapeshifting


You had 4 spell levels left.
You knew the following spells:

 Your Spells              Type           Power      Damage    Failure   Level
a - Haunt                 Necr/Summ      6%         N/A       100%        7
b - Sculpt Simulacrum     Ice/Alch       4%         N/A       100%        6

Your spell library contained the following spells:

 Spells                   Type           Power      Damage    Failure   Level
 Animate Armour           Summ/Erth      16%        N/A       93%         4
 Summon Lightning Spire   Summ/Air       8%         N/A       93%         4
 Anguish                  Hex/Necr       3%         N/A       95%         4
 Cause Fear               Hex            1%         N/A       99%         4
 Vhi's Electric Charge    Tloc/Air       4%         N/A       99%         4
 Arcjolt                  Conj/Air       1%         1d11      100%        5
 Lee's Rapid Deconstruct  Erth           1%         3d4*      100%        5
 Plasma Beam              Fire/Air       1%         2x1d11    100%        6
 Enfeeble                 Hex            1%         N/A       100%        7
 Ozocubu's Refrigeration  Ice            3%         4d8       100%        7
 Borgnjor's Revivificati  Necr           6%         N/A       100%        8
 Death's Door             Necr           6%         N/A       100%        9
 Polar Vortex             Ice            3%         N/A       100%        9


Dungeon Overview and Level Annotations

Branches:
Dungeon (10/15)            Temple (1/1) D:4            Lair (0/5) D:9
    Orc (0/2) D:9

Altars:
Ashenzari
Cheibriados
Dithmenos
Elyvilon
Fedhas
Gozag
Hepliaklqana
Kikubaaqudgha
Makhleb
Nemelex Xobeh
Okawaru
Qazlal
Ru
Sif Muna
Trog
Uskayaw
Vehumet
Wu Jian
Xom
Yredelemnul
Zin
The Shining One


Innate Abilities, Weirdness & Mutations

You can wield a second weapon in your off-hand.
It takes a long time for you to wield or remove held weapons.
Your first few attacks do less damage.
You cannot equip rings or amulets.
You have very sharp teeth.
You have a pair of small horns on your head.
You are mostly covered in iridescent scales. (AC +4)
You have a somewhat thin skeletal structure. (Dex +2, Stealth+)
Your skin changes colour to match your surroundings (Stealth+).
You are agile. (Dex +4, Str/Int -1)
Your mind is acute. (Int +4, Str/Dex -1)
Your body sometimes deteriorates upon taking damage.
You are strong-willed. (Will+)
You passively map a small area around you.
Your muscles are very strong. (Str +8, Int/Dex -2)
Your spells are harder to cast, but more powerful.
You have hidden genetic potential.
You expend magic power (3 MP) to strengthen your wands.


Message History

A kobold brigand comes into view.
It is wielding a +0 dagger and quivering curare-tipped darts.
You slash the orc wizard with the +7 scimitar of Objectivity!
The orc wizard looks as sick as possible!
The orc wizard is severely wounded.
You barely miss the orc wizard with your +0 hand axe of chaos.
The orc wizard casts a spell at you.
The magic dart hits you but does no damage.
The deep elf archer gestures at you while chanting.
You resist with almost no effort.
You hit the orc wizard but do no damage.
You drain the orc wizard.
You kill the orc wizard!
The deep elf archer shoots an arrow.
The arrow hits you!
You feel your intelligence returning.
You take 10 damage, and have 41/84 hp.
The deep elf archer shoots an arrow.
The arrow hits you!
You take 14 damage, and have 27/84 hp.
The deep elf archer shoots an arrow.
The arrow hits you.
* * * LOW HITPOINT WARNING * * *
You hear a horrible gurgling sound!
You take 6 damage, and have 21/84 hp.
The deep elf archer shoots an arrow.
The arrow hits you!
* * * LOW HITPOINT WARNING * * *
You take 7 damage, and have 14/84 hp.
The kobold brigand throws a curare-tipped dart.
The curare-tipped dart hits you.
You are poisoned.
You have difficulty breathing.
* * * LOW HITPOINT WARNING * * *
You feel yourself slow down.
The deep elf archer gestures wildly while chanting.
The deep elf archer blinks!
You take 9 damage, and have 5/84 hp.
* * * LOW HITPOINT WARNING * * *
You feel very sick.
The skeletal warrior hits you but does no damage.
The deep elf archer shoots an arrow.
The arrow barely misses you.
The arrow hits the red ugly thing!!
The red ugly thing headbutts you!
You die...
Xom is highly amused!

############
#...........
#########'#########.
#!..§§§§§....'...(##
###..zu#§§§§§..#....##
#(...@.#§z§§§..#......
###.....!##§§§§.##......
#:.....####§§...####....
#....."# ##...## #)...
#....### #...# ###..
#Ke.$# ####### #(.
#)#### ##.....## ### #.
##....)[.## ###. * #. ,
#.........###...


You could see a red ugly thing, a skeletal warrior, a deep elf archer (repels
missiles) and a kobold brigand.

Vanquished Creatures
  An entropy weaver (shapeshifter) (D:10)
  3 two-headed ogres (D:10)
  An ugly thing (D:10)
  Joseph (D:9)
  4 trolls (D:10)
  A blink frog (shapeshifter) (D:10)
  A shapeshifter (D:9)
  A vampire (D:10)
  A wyvern (D:10)
  6 yaks (D:10)
  5 wraiths
  2 vampire mosquitoes (D:10)
  A steam dragon (D:9)
  Edmund (D:5)
  A water moccasin (D:7)
  An acid dragon (D:9)
  4 sky beasts
  2 laughing skulls (D:10)
  6 orc warriors
  2 ogres (D:5)
  2 wolves (D:9)
  3 centaurs
  A phantom (D:6)
  A kobold brigand (D:8)
  3 bullfrogs
  3 scorpions
  2 gnoll sergeants
  5 wights (D:9)
  9 killer bees
  A howler monkey (D:6)
  3 hounds
  6 orc priests
  A sleepcap (D:7)
  Ijyb (D:5)
  2 iguanas
  12 orc wizards
  3 gnolls (D:9)
  4 adders
  3 shadow imps
  6 dart slugs
  A ribbon worm (D:2)
  64 orcs
  5 ball pythons
  3 endoplasms (D:3)
  4 goblins
  6 hobgoblins
  15 kobolds
  2 quokkas (D:3)
  7 bats
  6 frilled lizards
  A rat (D:1)
  A spectral kobold (D:10)
231 creatures vanquished.

Vanquished Creatures (collateral kills)
  An orc priest (D:6)
  An orc (D:9)
  A kobold (D:4)
3 creatures vanquished.

Vanquished Creatures (others)
  A hydra (D:10)
  A two-headed ogre (D:10)
  A kobold demonologist (D:10)
  A water moccasin (D:7)
  A gnoll (D:9)
  An orc (D:9)
  A hobgoblin (D:4)
7 creatures vanquished.

Grand Total: 241 creatures vanquished

Notes
Turn   | Place    | Note
-------+----------+-------------------------------------------
     0 | D:1      | ezpacito the Coglin Chaos Knight began the quest for the
                  | Orb.
     0 | D:1      | Reached XP level 1. HP: 18/18 MP: 1/1
   141 | D:1      | Found Jiogu's Magic Scroll Shoppe.
   239 | D:1      | Reached skill level 1 in Dodging
   239 | D:1      | Reached XP level 2. HP: 21/24 MP: 2/2
   427 | D:1      | XOM: butterfly on damage
   602 | D:1      | XOM: silly message
   821 | D:2      | XOM is BORED!
   821 | D:2      | XOM: noise
   907 | D:2      | XOM: silly message
   950 | D:2      | Reached XP level 3. HP: 29/29 MP: 3/3
  1181 | D:2      | Found a white marble altar of Elyvilon.
  1331 | D:2      | XOM: cloud trail
  1656 | D:3      | Reached XP level 4. HP: 28/35 MP: 4/4
  1666 | D:3      | Reached skill level 1 in Polearms
  1832 | D:3      | Reached skill level 1 in Evocations
  1888 | D:3      | XOM: give mutations
  1888 | D:3      | Gained mutation: You possess an exceptional clarity of
                  | mind. [Xom's mischief]
  1888 | D:3      | Gained mutation: You are strong-willed. (Will+) [Xom's
                  | mischief]
  1888 | D:3      | Gained mutation: Your body sometimes deteriorates upon
                  | taking damage. [Xom's mischief]
  1888 | D:3      | Gained mutation: Your spells are a little harder to cast,
                  | but a little more powerful. [Xom's mischief]
  2098 | D:3      | XOM: 9-stop teleportation journey
  2129 | D:3      | XOM: enchant monster (bad)
  2173 | D:3      | XOM: stat loss: -1 Dex (13/14)
  2387 | D:4      | Found Acza's Distillery.
  2421 | D:4      | Noticed a scorpion
  2423 | D:4      | XOM: cleaving
  2424 | D:4      | XOM: enchant monster (good)
  2426 | D:4      | Reached XP level 5. HP: 41/41 MP: 6/6
  2429 | D:4      | Reached skill level 1 in Stealth
  2429 | D:4      | Reached skill level 1 in Spellcasting
  2486 | D:4      | Found a staircase to the Ecumenical Temple.
  2523 | Temple   | Entered the Ecumenical Temple
  2690 | D:4      | Bought a potion of enlightenment for 55 gold pieces
  2690 | D:4      | Bought a potion of curing for 33 gold pieces
  2690 | D:4      | Bought a potion of curing for 33 gold pieces
  2704 | D:4      | Found a broken altar of Ashenzari.
  2813 | D:4      | Found a glowing golden altar of the Shining One.
  2842 | D:5      | Entered Level 5 of the Dungeon
  2891 | D:5      | Noticed Ijyb
  2900 | D:5      | Killed Ijyb
  2901 | D:5      | Reached XP level 6. HP: 43/48 MP: 7/7
  3015 | D:5      | XOM: smoke on damage
  3207 | D:5      | XOM: god gift: lumpy purple potion {god gift}
  3345 | D:5      | Reached XP level 7. HP: 30/54 MP: 8/8
  3362 | D:5      | Learned a level 7 spell: Haunt
  3562 | D:5      | XOM: 4-stop teleportation journey
  3639 | D:5      | XOM: enchant monster (good)
  3719 | D:5      | XOM: god gift: 23 gold pieces
  3856 | D:5      | Noticed Edmund
  3856 | D:5      | XOM: enchant monster (bad)
  3860 | D:5      | XOM: butterfly on damage
  3862 | D:5      | Killed Edmund
  4136 | D:5      | XOM: give mutations
  4136 | D:5      | Gained mutation: You passively map a small area around you.
                  | [Xom's grace]
  4136 | D:5      | Gained mutation: You expend magic power (3 MP) to
                  | strengthen your wands. [Xom's grace]
  4136 | D:5      | Gained mutation: Your flesh is heat resistant. (rF+) [Xom's
                  | grace]
  4136 | D:5      | Gained mutation: You have a somewhat thin skeletal
                  | structure. (Dex +2, Stealth+) [Xom's grace]
  4318 | D:6      | XOM: enchant monster (good)
  4319 | D:6      | XOM: noise
  4472 | D:6      | XOM: summons 2 friendly demons
  4531 | D:6      | Reached skill level 1 in Summonings
  4531 | D:6      | Reached XP level 8. HP: 61/61 MP: 10/10
  4613 | D:6      | Reached skill level 1 in Necromancy
  4831 | D:6      | XOM: give mutations
  4831 | D:6      | Gained mutation: You have a pair of small horns on your
                  | head. [Xom's grace]
  4831 | D:6      | Gained mutation: Your spells are harder to cast, but more
                  | powerful. [Xom's grace]
  4831 | D:6      | Gained mutation: Your mind is acute. (Int +4, Str/Dex -1)
                  | [Xom's grace]
  5003 | D:6      | XOM: give mutation
  5003 | D:6      | Gained mutation: You have a pair of horns on your head.
                  | [Xom's grace]
  5055 | D:6      | XOM: god gift: bubbling orange potion {god gift}
  5143 | D:6      | XOM: noise
  5200 | D:7      | Reached skill level 1 in Throwing
  5278 | D:7      | Noticed a wraith
  5287 | D:7      | XOM: fog
  5291 | D:7      | Killed a wraith
  5386 | D:7      | XOM: summons 5 hostile demons
  5515 | D:7      | Reached skill level 5 in Fighting
  5602 | D:7      | XOM: divine lightning
  5622 | D:7      | Reached skill level 5 in Axes
  5651 | D:7      | XOM: torment (31/62 hp)
  5674 | D:7      | XOM: noise
  5755 | D:7      | XOM: divination: detect items
  5805 | D:7      | Reached skill level 1 in Unarmed Combat
  5805 | D:7      | Reached XP level 9. HP: 68/68 MP: 12/12
  5937 | D:7      | XOM: give mutations
  5937 | D:7      | Gained mutation: Your skin changes colour to match your
                  | surroundings (Stealth+). [Xom's grace]
  5937 | D:7      | Gained mutation: Your muscles are strong. (Str +4, Int/Dex
                  | -1) [Xom's grace]
  6012 | D:7      | XOM: god gift: 966 gold pieces
  6203 | D:8      | XOM: stat loss: -1 Str (19/20)
  6296 | D:8      | Identified the +7 scimitar of Objectivity {venom, ^Contam
                  | rN+++ Str-3 Stlth+}
  6472 | D:8      | XOM: 1-stop teleportation journey
  6507 | D:8      | Noticed a cyclops
  6507 | D:8      | Noticed a two-headed ogre
  6630 | D:8      | XOM: polymorph centaur -> bat
  6764 | D:8      | Found a shimmering blue altar of Sif Muna.
  6764 | D:8      | Found a radiant altar of Vehumet.
  6764 | D:8      | Found a sacrificial altar of Ru.
  6965 | D:9      | XOM: 1-stop teleportation journey
  7181 | D:9      | Found a staircase to the Orcish Mines.
  7212 | D:9      | Found a staircase to the Lair.
  7214 | D:9      | Noticed a troll
  7278 | D:9      | a troll changed into a shapeshifter
  7280 | D:9      | Reached XP level 10. HP: 34/76 MP: 14/14
  7389 | D:9      | XOM: give mutations
  7389 | D:9      | Lost mutation: Your flesh is heat resistant. (rF+) [Xom's
                  | mischief]
  7389 | D:9      | Lost mutation: You are strong-willed. (Will+) [Xom's
                  | mischief]
  7389 | D:9      | Gained mutation: You are somewhat resistant to further
                  | mutation. [Xom's mischief]
  7389 | D:9      | Lost mutation: You possess an exceptional clarity of mind.
                  | [Xom's mischief]
  7508 | D:9      | XOM: scenery: create altars
  7552 | D:9      | Reached skill level 5 in Armour
  7604 | D:9      | XOM: 6-stop teleportation journey
  7778 | D:9      | Noticed Joseph
  7788 | D:9      | Killed Joseph
  8043 | D:9      | XOM: give mutation
  8043 | D:9      | Gained mutation: You are partially covered in iridescent
                  | scales. (AC +2) [Xom's grace]
  8062 | D:9      | XOM: swap monsters
  8187 | D:9      | XOM: give mutations
  8187 | D:9      | Gained mutation: You are mostly covered in iridescent
                  | scales. (AC +4) [Xom's grace]
  8187 | D:9      | Gained mutation: You are completely covered in iridescent
                  | scales. (AC +6) [Xom's grace]
  8261 | D:9      | XOM: god gift: book of Iron
  8262 | D:9      | XOM: give mutations
  8262 | D:9      | Gained mutation: Your muscles are very strong. (Str +8,
                  | Int/Dex -2) [Xom's grace]
  8262 | D:9      | Lost mutation: You are somewhat resistant to further
                  | mutation. [Xom's grace]
  8262 | D:9      | Gained mutation: You have hidden genetic potential. [Xom's
                  | grace]
  8262 | D:9      | Gained mutation: You are strong-willed. (Will+) [Xom's
                  | grace]
  8270 | D:9      | Learned a level 6 spell: Sculpt Simulacrum
  8315 | D:9      | XOM: scenery: summon butterflies
  8541 | D:1      | Bought a scroll of teleportation for 36 gold pieces
  8541 | D:1      | Bought a scroll of teleportation for 36 gold pieces
  8541 | D:1      | Bought a scroll of enchant weapon for 90 gold pieces
  8541 | D:1      | Bought a scroll of fog for 48 gold pieces
  8541 | D:1      | Bought a scroll of identify for 24 gold pieces
  8541 | D:1      | Bought 3 scrolls of teleportation for 108 gold pieces
  8541 | D:1      | Bought a scroll of teleportation for 36 gold pieces
  8541 | D:1      | Bought a scroll of identify for 24 gold pieces
  8541 | D:1      | Bought a scroll of teleportation for 36 gold pieces
  8541 | D:1      | Bought a scroll of blinking for 90 gold pieces
  8541 | D:1      | Bought a scroll of teleportation for 36 gold pieces
  8640 | D:4      | Bought 2 potions of resistance for 220 gold pieces
  8640 | D:4      | Bought a potion of haste for 110 gold pieces
  8640 | D:4      | Bought a potion of ambrosia for 88 gold pieces
  8640 | D:4      | Bought a potion of curing for 33 gold pieces
  8640 | D:4      | Bought a potion of cancellation for 88 gold pieces
  8766 | D:10     | Entered Level 10 of the Dungeon
  8766 | D:10     | Noticed a two-headed ogre
  8772 | D:10     | Killed a two-headed ogre
  8805 | D:10     | Reached skill level 5 in Dodging
  8882 | D:10     | XOM: cast spell 'Olgreb's Toxic Radiance'
  8884 | D:10     | XOM: swap monsters
  8894 | D:10     | Reached skill level 1 in Alchemy
  8944 | D:10     | XOM: god gift: scroll of teleportation
  8957 | D:10     | XOM: give mutation
  8957 | D:10     | Gained mutation: You have very sharp teeth. [Xom's grace]
  9088 | D:10     | Reached skill level 5 in Polearms
  9140 | D:10     | Noticed a five-headed hydra
  9140 | D:10     | Noticed a two-headed ogre
  9140 | D:10     | Noticed a brown ugly thing
  9140 | D:10     | Noticed a kobold demonologist
  9141 | D:10     | Noticed a two-headed ogre
  9142 | D:10     | Killed a two-headed ogre
  9142 | D:10     | Killed a five-headed hydra
  9142 | D:10     | Killed a kobold demonologist
  9142 | D:10     | XOM: divine lightning
  9143 | D:10     | Reached skill level 1 in Ice Magic
  9143 | D:10     | Reached XP level 11. HP: 83/83 MP: 8/15
  9145 | D:10     | Killed a brown ugly thing
  9150 | D:10     | XOM: potion effect (curing)
  9150 | D:10     | Noticed a centaur warrior
  9160 | D:10     | XOM: blink monster(s)
  9164 | D:10     | HP: 3/83 [troll (4)]
  9189 | D:10     | XOM: 2-stop teleportation journey
  9192 | D:10     | Noticed an entropy weaver
  9193 | D:10     | Killed a two-headed ogre
  9197 | D:10     | XOM: 5-stop teleportation journey
  9231 | D:10     | Gained mutation: You are agile. (Dex +4, Str/Int -1)
                  | [hidden potential]
  9233 | D:10     | XOM: confusion (+ monsters)
  9236 | D:10     | Killed an entropy weaver
  9237 | D:10     | Reached skill level 5 in Evocations
  9482 | D:10     | Found a hazy altar of Hepliaklqana.
  9504 | D:10     | Noticed a two-headed ogre
  9506 | D:10     | XOM: swap monsters
  9507 | D:10     | XOM: god gift: ring mail {god gift}
  9510 | D:10     | XOM: divination: detect items
  9516 | D:10     | Killed a two-headed ogre
  9517 | D:10     | Reached skill level 1 in Shapeshifting
  9556 | D:10     | XOM: swap monsters
  9565 | D:10     | XOM: give mutations
  9565 | D:10     | Lost mutation: You have a pair of horns on your head.
                  | [Xom's mischief]
  9565 | D:10     | Lost mutation: You are completely covered in iridescent
                  | scales. (AC +6) [Xom's mischief]
  9784 | D:10     | Noticed a yaktaur captain
  9785 | D:10     | Noticed a skeletal warrior
  9785 | D:10     | Noticed a red ugly thing
  9785 | D:10     | Noticed a deep elf archer
  9794 | D:10     | Noticed a deep elf pyromancer
  9794 | D:10     | Noticed an ice dragon
  9805 | D:10     | HP: 1/84 [poisoned by a kobold brigand (curare-tipped
                  | dart)]
  9805 | D:10     | Mangled by a red ugly thing

Illustrated notes

Levels and vault maps discovered:
D:1:      scummos_arrival_hexagon, layout_basic, serial_shops, shop
D:2:      layout_loops_ring, basic_altar, minivault_24, grunt_ministairs_15
D:3:      layout_basic, kennysheep_minor_cross, kennysheep_path_1,
          hangedman_decor_peaks_small, grunt_decor_one_mirror
D:4:      layout_rooms, nicolae_overflow_hidden_temple,
          nicolae_overflow_crystal_walls, minmay_temple_entry_ruins,
          serial_shops, nicolae_diamond_shop
D:5:      layout_loops_cross, dreamdust_princess_bridge, lemuel_flame_loot_1,
          uniq_ijyb, uniq_edmund
D:6:      layout_gridville, st_stairs_5, minmay_misc_feat_iff
D:7:      layout_rooms
D:8:      layout_loops_cross, gammafunk_temple_overflow_claw,
          lightli_corner_chamber
D:9:      layout_cave_pods, erik_lair_orcish_takeover, orc_0_dummy, special_room
          [special_room_orc], serial_park, serial_park_gazebo
          [serial_park_minivault_5x5_8], serial_park_avenue1,
          serial_park_tiny_pond, nicolae_figureground_sparkle, uniq_joseph
D:10:     layout_irregular_city, nicolae_hepliaklqana_monster_ancestors,
          hellmonk_ghost_happy_afterlife, minivault_11, nicolae_rejected_hall
Temple:   eino_temple_rhombus

Skill      XL: |  1  2  3  4  5  6  7  8  9 10 11 |
---------------+----------------------------------+-----
Dodging        | 1 2 3 4 5 |  5.7
Armour         | 2 3 4 5 6 |  6.0
Polearms       | 1 2 3 4 5 |  5.5
Evocations     | 1 2 3 4 5 |  5.2
Stealth        | 1 2 3 |  3.7
Spellcasting   | 1 2 3 |  3.5
Fighting       | 4 5 6 7 |  7.0
Axes           | 4 5 6 7 |  7.0
Summonings     | 1 2 3 4 |  4.0
Necromancy     | 1 2 3 |  3.4
Throwing       | 1 2 3 |  3.2
Unarmed Combat | 1 2 3 |  3.1
Alchemy        | 1 2 |  2.2
Ice Magic      | 1 |  1.6
Shapeshifting  | 1 |  1.2

Action                     |  1- 3 |  4- 6 |  7- 9 | 10-12 || total
---------------------------+-------+-------+-------+-------++-------
  Melee: Hand axe          |    69 |    80 |   222 |   129 ||   500
         Dagger            |    26 |       |       |       ||    26
         Whip              |    40 |    77 |   157 |       ||   274
         Headbutt          |       |       |    39 |    33 ||    72
         Scimitar          |       |       |    67 |   142 ||   209
         Bite              |       |       |       |    11 ||    11
  Evoke: Wand              |       |       |       |    16 ||    16
    Use: Potion            |       |     4 |     4 |    11 ||    19
         Scroll            |       |       |    11 |    14 ||    25
   Stab: Sleeping          |     1 |       |     2 |     3 ||     6
         Petrified         |       |     8 |       |       ||     8
         Confused          |       |       |     1 |     1 ||     2
         Petrifying        |       |       |     1 |       ||     1
         Distracted        |       |       |     2 |       ||     2
         Paralysed         |       |       |       |     2 ||     2
         Invisible         |       |       |       |     1 ||     1
 Armour: Leather armour    |    48 |     6 |       |       ||    54
         Chain mail        |       |    56 |   175 |       ||   231
         Acid dragon scale |       |       |    63 |   189 ||   252
  Dodge: Dodged            |    33 |    27 |   147 |   151 ||   358

Table legend: (Time is in decaauts)
 A = Elapsed time spent in this place.
 B = Non-inter-level travel time spent in this place.
 C = Inter-level travel time spent in this place.
 D = Time resting spent in this place.
 E = Time spent auto-exploring this place.
 F = Levels seen in this place.
 G = Mean time per level.
                   A        B        C        D        E       F      G
               +--------+--------+--------+--------+--------+-----+--------+
         Total |   9899 |   9205 |    694 |    224 |   7333 |  11 |  899.9 |
       Dungeon |   9897 |   9204 |    693 |    224 |   7333 |  10 |  989.7 |
        Temple |      1 |      1 |      0 |      0 |      0 |   1 |    1.0 |
               +--------+--------+--------+--------+--------+-----+--------+

Top non-repeatable levels by time:
     D:9: 1562 daAuts
     D:5: 1385 daAuts
     D:6: 1066 daAuts
    D:10: 1045 daAuts
     D:3: 925 daAuts
     D:7: 915 daAuts
     D:1: 854 daAuts
     D:8: 827 daAuts
     D:2: 804 daAuts
     D:4: 510 daAuts
  Temple: 1 daAuts
